 Dungeon Crawl Stone Soup version 0.21-a0-369-g397cdb2 (webtiles) character file.

146776 ErgoProxy the Black Belt (level 16, -8/136 HPs)
             Began as a White Draconian Transmuter on Oct 14, 2017.
             Was the Champion of Ashenzari.
             Shot with a bolt by a naga sharpshooter (20 damage)
             ... on level 3 of the Snake Pit on Oct 15, 2017.
             The game lasted 02:10:47 (29642 turns).

ErgoProxy the Black Belt (DrTm)                    Turns: 29642, Time: 02:10:48

Health: -8/136     AC: 15    Str: 14    XL:     16   Next: 90%
Magic:  16/25      EV: 23    Int: 13    God:    Ashenzari [******]
Gold:   2252       SH:  0    Dex: 18    Spells: 9/27 levels left

rFire    . . .     SeeInvis +     - Unarmed
rCold    + . .     Gourm    .   (shield currently unavailable)
rNeg     . . .     Faith    .   (armour unavailable)
rPois    +         Spirit   .   a - +0 hat {MR+} (curse)
rElec    .         Reflect  .   (no cloak)
rCorr    .         Harm     .   (gloves currently unavailable)
MR       ++...     Clarity  +   f - +2 pair of boots (curse)
Stlth    ++........             N - amulet of regeneration (curse)
HPRegen  0.72/turn              X - ring of poison resistance
MPRegen  0.19/turn              l - +3 ring of protection (curse)

@: lethally poisoned (-8 -> -9), blade hands (expiring)
A: breathe frost, unfitting armour, cold resistance 1, cold-blooded, AC +9
a: Breathe Frost, End Transformation, Curse Item, Scrying, Transfer Knowledge,
Renounce Religion


You were on level 3 of the Snake Pit.
You worshipped Ashenzari.
Ashenzari was exalted by your worship.
You were very hungry.
You had blades for hands.
You visited 4 branches of the dungeon, and saw 26 of its levels.
You also visited: Volcano.

You collected 2917 gold pieces.
You spent 665 gold pieces at shops.

Inventory:

Missiles
 M - a throwing net (quivered)
Armour
 a - a cursed +0 hat of magic resistance (worn)
 f - a cursed +2 pair of boots (worn)
 h - a cursed +2 pair of gloves (melded)
 J - a cursed +0 buckler (melded)
Jewellery
 b - an uncursed ring of protection from fire
 l - a cursed +3 ring of protection (right scythe-like blade)
 N - a cursed amulet of regeneration (around neck)
 X - a ring of poison resistance (left scythe-like blade)
Wands
 m - a wand of confusion (9/48)
 y - a wand of clouds (3/9)
 B - a wand of iceblast (10/15)
 H - a wand of digging (13/24)
 L - a wand of paralysis (7/24)
 Q - a wand of disintegration (2/24)
 T - a wand of acid (3/15)
 U - a wand of digging (11/24)
 V - a wand of enslavement (10/24)
 Y - a wand of polymorph (16/24)
 Z - a wand of lightning (7/15)
Scrolls
 i - 2 scrolls of amnesia
 n - 4 scrolls of fog
 o - 2 scrolls of recharging
 q - 3 scrolls of teleportation
 r - a scroll of torment
 t - a scroll of identify
 x - 4 scrolls of blinking
 D - 2 scrolls of remove curse
 F - 3 scrolls of silence
 I - 2 scrolls of enchant weapon
 O - a scroll of immolation
 S - 5 scrolls of magic mapping
 W - 2 scrolls of fear
Potions
 d - 5 potions of heal wounds
 e - 2 potions of resistance
 j - 4 potions of flight
 k - a potion of ambrosia
 p - 8 potions of curing
 v - 4 potions of agility
 w - 4 potions of lignification
 z - a potion of magic
 A - 3 potions of might
 C - 4 potions of haste
 E - 2 potions of mutation
 P - 4 potions of berserk rage
Books
 g - a book of Conjurations

   Spells                             Type                      Level
   a - Magic Dart                     Conjuration                  1
   b - Searing Ray                    Conjuration                  2
   c - Dazzling Spray                 Conjuration/Hexes            3
   d - Fulminant Prism                Conjuration/Hexes            4
   e - Force Lance                    Conjuration/Translocation    4
   f - Iskenderun's Mystic Blast      Conjuration                  4
Comestibles
 c - 6 bread rations
 s - 14 meat rations
 u - 19 fruits


   Skills:
 - Level 10.6 Fighting
 + Level 10.4(13.2) Dodging
 - Level 8.7(11.6) Shields
 + Level 18.2 Unarmed Combat
 - Level 6.0 Spellcasting
 - Level 7.3(10.4) Hexes
 + Level 7.0(10.1) Charms
 - Level 10.0(12.8) Transmutations
 - Level 8.0(11.0) Air Magic
 - Level 4.6(7.5) Evocations


You had 9 spell levels left.
You knew the following spells:

 Your Spells              Type           Power        Failure   Level  Hunger
a - Beastly Appendage     Tmut           #####.       7%          1    None
b - Apportation           Tloc           #.....       54%         1    None
c - Blade Hands           Tmut           #####.....   22%         5    ######.
d - Silence               Hex/Air        ####......   34%         5    ######.
e - Deflect Missiles      Chrm/Air       ####......   75%         6    #######


Dungeon Overview and Level Annotations

Branches:
Dungeon (15/15)            Temple (0/1) D:4            Lair (6/6) D:11
 Shoals (0/4) Lair:4        Snake (3/4) Lair:2        Slime (0/5) Lair:6
    Orc (2/2) D:10            Elf (0/3) Orc:2        Vaults (0/5) D:13
 Depths (0/5) D:15

Altars:
Ashenzari
Elyvilon
Makhleb
Okawaru
Qazlal
Sif Muna
Trog
Xom
Yredelemnul
Zin
Beogh

Shops:
D:6 (   D:13 *   Orc:2 }%}?

Annotations:
Lair:6 exclusion: 5 oklob plants


Innate Abilities, Weirdness & Mutations

You can breathe waves of freezing cold.
You can buffet flying creatures when you breathe cold.
Your icy white scales are hard. (AC +9)
You cannot fit into any form of body armour.
Your flesh is cold resistant. (rC+)
You are cold-blooded and may be slowed by cold attacks.


Message History

The naga sharpshooter magically shoots a bolt.
The bolt hits you!
* * * LOW HITPOINT WARNING * * *
You see here 6 bolts.
You shred the naga sharpshooter!!!
The naga sharpshooter is severely wounded.
The naga sharpshooter shoots a bolt.
The bolt hits you!
* * * LOW HITPOINT WARNING * * *
The naga sharpshooter shoots a bolt.
The bolt hits you!
* * * LOW HITPOINT WARNING * * *
Unknown command.
You feel much better.
You feel sick.
The naga sharpshooter casts a spell.
The naga sharpshooter magically shoots a bolt.
The bolt hits you!
* * * LOW HITPOINT WARNING * * *
You barely miss the naga sharpshooter.
The naga sharpshooter is severely wounded.
You feel sick.
The naga sharpshooter shoots a bolt.
The bolt hits you!!
You die...

#.....##...#
#####........###
#.....##...#
###....##
#<....##..####
##..## **
#.....#....#.# #..#
.............#.###
#..#*
..............#..##
#..
####...?.#.....#.(#*
*#. *
##...#.#.#..)(##,*
,,* *,
,....###....@#*, , ,
*
*..........NN...#**
,* *
S......##........# ,
* ,,#.#.#...#...##..
,* * * ** ,,
.$...##. #.... , ,
,,, ,, ,,,,, ##. ..
..... , ,, ,, , , *
,.,,.., ...... , ,*
* * * ,* #* #..,
......, * ** , *,, ,
,* ,,,,,,, ,,,,***


You could see 2 naga sharpshooters.

Vanquished Creatures
  Gastronok (Lair:2)
  3 nagarajas (Snake:2)
  A stone giant (Volcano)
  6 dire elephants (Lair:6)
  The ghost of Shayle the Fighter, a journeyman GnWn of Sif Muna (Lair:6)
  Josephine (Orc:1)
  8 vault guards (D:13)
  A great orb of eyes (D:10)
  10 hydras
  A death knight (D:12)
  5 naga warriors
  3 catoblepae
  Erica (D:9)
  3 centaur warriors
  8 anacondas
  16 two-headed ogres
  4 ogre magi (Orc:2)
  2 tengu warriors
  5 naga sharpshooters
  3 shock serpents
  Sonja (D:14)
  Nergalle (Lair:3)
  A sea snake (Snake:2)
  4 salamander mystics (Snake:3)
  A glowing orange brain (D:15)
  A glowing orange brain (shapeshifter) (D:15)
  2 unseen horrors
  Pikel (D:6)
  3 naga ritualists (Snake:2)
  2 lindwurms
  2 oklob plants (Lair:1)
  An orc knight (D:12)
  An orc sorcerer (Orc:1)
  2 mana vipers
  2 cyclopes
  A wolf spider (D:10)
  19 ugly things
  3 manticores
  3 merfolk sirens (Lair:4)
  14 salamanders
  10 elephants
  2 guardian serpents (Snake:1)
  31 black mambas
  5 naga magi
  3 gargoyles
  3 efreet
  11 spiny frogs
  5 komodo dragons
  The ghost of Maxmaps the Ducker, a novice OpMo of Gozag (D:5)
  2 kobold demonologists
  A freezing wraith (D:14)
  A harpy zombie (D:15)
  A merfolk (Lair:4)
  A polar bear (Lair:2)
  3 meliai (D:15)
  2 tengu conjurers
  A meliai (shapeshifter) (D:15)
  9 trolls
  A hornet (D:12)
  A troll (shapeshifter) (D:15)
  22 blink frogs
  10 slime creatures
  2 dream sheep (D:10)
  9 hippogriffs
  A vampire (D:10)
  A tarantella (shapeshifter) (D:13)
  8 wraiths
  A hog (shapeshifter) (D:15)
  6 wyverns
  A shadow (D:10)
  4 fire elementals (Volcano)
  29 yaks
  2 vampire mosquitoes (D:15)
  3 basilisks
  13 nagas
  A warg (Orc:2)
  12 water moccasins
  2 hell hounds (Orc:2)
  A meliai simulacrum (D:12)
  9 porcupines
  3 sky beasts
  A black bear (D:9)
  5 ice beasts
  14 orc warriors
  2 phantoms
  26 ogres
  4 boggarts (D:15)
  4 wolves (Lair:6)
  6 centaurs
  A necrophage (D:12)
  16 crocodiles
  6 big kobolds
  A gnoll sergeant (Orc:2)
  A wyvern zombie (D:8)
  24 bullfrogs
  3 earth elementals (Volcano)
  A wyvern skeleton (D:8)
  3 scorpions
  9 killer bees
  5 wights (D:11)
  6 electric eels
  7 howler monkeys
  2 centaur zombies
  5 crimson imps
  A quasit (D:9)
  13 orc wizards
  10 hounds
  8 jellies
  A bullfrog skeleton (D:6)
  13 orc priests
  7 centaur skeletons
  An iguana (D:9)
  Ijyb (D:4)
  6 worker ants
  2 hound skeletons
  A worker ant zombie (D:8)
  5 adders
  7 gnolls
  A howler monkey skeleton (D:4)
  3 shadow imps
  An ooze (D:3)
  An adder skeleton (D:4)
  7 leopard geckos
  65 orcs
  3 ball pythons
  4 bats
  5 giant cockroaches
  7 hobgoblins
  13 jackals
  7 quokkas
  2 frilled lizards
  11 goblins
  A jackal zombie (D:6)
  7 kobolds
  A leopard gecko zombie (D:7)
  A quokka skeleton (D:4)
  2 rats (D:1)
  5 plants
757 creatures vanquished.

Vanquished Creatures (collateral kills)
  3 jackals (D:2)
3 creatures vanquished.

Vanquished Creatures (others)
  A slave (D:6)
  A bullfrog zombie (D:10)
  An orc priest (Orc:1)
  2 orc wizards (D:6)
  A dart slug (D:2)
  2 orcs (D:6)
  16 fungi
  6 plants
30 creatures vanquished.

Grand Total: 790 creatures vanquished

Notes
Turn   | Place    | Note
-------+----------+-------------------------------------------
     0 | D:1      | ErgoProxy the Draconian Transmuter began the quest for the Orb.
     0 | D:1      | Reached XP level 1. HP: 16/16 MP: 3/3
   216 | D:1      | Reached XP level 2. HP: 21/23 MP: 3/5
  1146 | D:2      | Learned a level 2 spell: Sticks to Snakes
  1292 | D:2      | Reached XP level 3. HP: 28/28 MP: 4/6
  1298 | D:2      | Found a white marble altar of Elyvilon.
  1442 | D:2      | Found a shimmering altar of Xom.
  1442 | D:2      | Found a glowing silver altar of Zin.
  1442 | D:2      | Found a white marble altar of Elyvilon.
  1467 | D:2      | Found a shattered altar of Ashenzari.
  1475 | D:2      | Found a bloodstained altar of Trog.
  1542 | D:2      | Became a worshipper of Ashenzari the Shackled
  1959 | D:3      | Found a basalt altar of Yredelemnul.
  2045 | D:3      | Reached XP level 4. HP: 35/35 MP: 5/7
  3065 | D:4      | Reached skill level 4 in Unarmed Combat
  3195 | D:4      | Found a staircase to the Ecumenical Temple.
  3332 | D:4      | Reached XP level 5. HP: 40/40 MP: 8/8
  3444 | D:4      | Noticed Ijyb
  3479 | D:4      | Killed Ijyb
  3768 | D:5      | Entered Level 5 of the Dungeon
  3808 | D:5      | Reached skill level 5 in Transmutations
  3985 | D:5      | Reached XP level 6. HP: 47/47 MP: 9/9
  4246 | D:5      | Noticed Maxmaps's ghost (novice OpMo)
  4293 | D:4      | Learned a level 5 spell: Blade Hands
  4331 | D:5      | Killed Maxmaps's ghost
  4331 | D:5      | Reached skill level 5 in Unarmed Combat
  4331 | D:5      | Your scales start taking on an icy white colour.
  4331 | D:5      | Reached XP level 7. HP: 47/52 MP: 3/10
  4331 | D:5      | Gained mutation: Your flesh is cold resistant. (rC+) [White Draconian growth]
  4355 | D:5      | Reached * piety under Ashenzari
  5329 | D:6      | Noticed Pikel
  5343 | D:6      | Killed Pikel
  5343 | D:6      | Reached skill level 7 in Unarmed Combat
  5343 | D:6      | Reached XP level 8. HP: 55/63 MP: 5/11
  5508 | D:6      | Found Jeor's Antique Weapon Shoppe.
  5652 | D:6      | Reached ** piety under Ashenzari
  5812 | D:6      | Found a shimmering altar of Xom.
  6171 | D:7      | Reached skill level 8 in Unarmed Combat
  6597 | D:8      | Reached skill level 1 in Evocations
  6597 | D:8      | Reached XP level 9. HP: 70/73 MP: 6/12
  6766 | D:8      | Reached skill level 5 in Fighting
  6773 | D:8      | Identified the amulet of the Philosopher {Inacc Int+8 Dex+5}
  7080 | D:8      | Reached skill level 9 in Unarmed Combat
  7332 | D:9      | Noticed Erica
  7751 | D:9      | Killed Erica
  7751 | D:9      | Reached skill level 10 in Unarmed Combat
  7856 | D:9      | Found a deep blue altar of Sif Muna.
  7898 | D:9      | Reached XP level 10. HP: 66/84 MP: 13/13
  8024 | D:9      | Noticed a two-headed ogre
  8030 | D:9      | Killed a two-headed ogre
  8217 | D:10     | Entered Level 10 of the Dungeon
  8379 | D:10     | Reached skill level 11 in Unarmed Combat
  8662 | D:10     | Killed an unseen horror
  8956 | D:10     | Noticed a great orb of eyes
  9129 | D:10     | Found a staircase to the Orcish Mines.
  9152 | D:10     | Noticed a wolf spider
  9231 | D:10     | Reached *** piety under Ashenzari
  9246 | D:10     | Reached skill level 12 in Unarmed Combat
  9263 | D:10     | Reached XP level 11. HP: 88/95 MP: 8/14
  9336 | D:10     | Noticed a three-headed hydra
  9341 | D:10     | Killed a one-headed hydra
  9518 | D:10     | Found a roughly hewn altar of Beogh.
  9720 | D:11     | Reached skill level 5 in Dodging
  9875 | D:11     | Found a staircase to the Lair.
 10461 | D:12     | Noticed an unseen horror
 10471 | D:12     | Killed an unseen horror
 10485 | D:12     | Reached skill level 13 in Unarmed Combat
 10557 | D:12     | Noticed a brown ugly thing
 10565 | D:12     | Killed a brown ugly thing
 10567 | D:12     | Noticed a death knight
 10716 | D:12     | HP: 4/97 [mirror damage (4)]
 10741 | D:12     | Killed a death knight
 11556 | D:12     | Noticed an orc knight
 11572 | D:12     | Killed an orc knight
 11600 | D:12     | Learned a level 1 spell: Apportation
 11802 | Lair:1   | Entered Level 1 of the Lair of Beasts
 11833 | D:11     | Reached skill level 10 in Fighting
 11833 | D:11     | Reached XP level 12. HP: 43/106 MP: 11/15
 12013 | Lair:1   | Reached **** piety under Ashenzari
 12224 | Lair:1   | Noticed a six-headed hydra
 12229 | Lair:1   | Killed a five-headed hydra
 12236 | Lair:1   | Reached skill level 14 in Unarmed Combat
 12622 | Lair:2   | Found a staircase to the Snake Pit.
 12622 | Lair:2   | Noticed a catoblepas
 12631 | Lair:2   | Killed a catoblepas
 12957 | Lair:2   | Noticed Gastronok
 12978 | Lair:2   | Killed Gastronok
 13301 | Lair:2   | Noticed a seven-headed hydra
 13309 | Lair:2   | Killed a six-headed hydra
 13838 | Lair:3   | Noticed Nergalle
 13843 | Lair:3   | Killed Nergalle
 14049 | Lair:3   | Reached XP level 13. HP: 92/113 MP: 14/16
 14348 | Lair:3   | Reached skill level 10 in Transmutations
 14621 | Lair:3   | Learned a level 5 spell: Silence
 15153 | Lair:4   | Reached skill level 5 in Spellcasting
 15162 | Lair:4   | Learned a level 6 spell: Deflect Missiles
 15178 | Lair:4   | Found a staircase to the Shoals.
 15452 | Lair:4   | Reached skill level 15 in Unarmed Combat
 15733 | Lair:4   | Reached ***** piety under Ashenzari
 16670 | Lair:5   | Reached skill level 1 in Air Magic
 16724 | Lair:5   | Reached skill level 1 in Hexes
 17147 | Lair:6   | Entered Level 6 of the Lair of Beasts
 17350 | Lair:6   | Noticed Shayle's ghost (journeyman GnWn)
 17369 | Lair:6   | Killed Shayle's ghost
 17408 | Lair:6   | Found a staircase to the Slime Pits.
 17437 | Lair:6   | Reached XP level 14. HP: 64/121 MP: 23/23
 18053 | Lair:6   | Found the cursed +3 warlock's mirror {reflect}
 18243 | Lair:6   | Reached skill level 16 in Unarmed Combat
 18792 | D:13     | Found a gate to the Vaults.
 18802 | D:13     | Reached skill level 5 in Air Magic
 18811 | D:13     | Reached skill level 5 in Hexes
 19626 | D:13     | Found Nofanges's General Store.
 19637 | D:13     | Bought a scroll of blinking for 105 gold pieces
 19637 | D:13     | Bought a potion of heal wounds for 70 gold pieces
 20372 | D:14     | Reached ****** piety under Ashenzari
 20574 | D:14     | Noticed Sonja
 20584 | D:14     | Killed Sonja
 21027 | D:14     | Identified a scroll of acquirement
 21320 | D:14     | Found the +15 Maxwell's patent armour {-Cast -Tele rElec MR+ rCorr}
 21477 | D:14     | Reached XP level 15. HP: 126/126 MP: 18/24
 21507 | D:14     | Reached skill level 1 in Shields
 21712 | D:15     | Entered Level 15 of the Dungeon
 22196 | D:15     | Found a staircase to the Depths.
 22507 | D:15     | Reached skill level 17 in Unarmed Combat
 23077 | Orc:1    | Entered Level 1 of the Orcish Mines
 23093 | Orc:1    | Noticed Josephine
 23112 | Orc:1    | Killed Josephine
 23282 | Orc:1    | Reached skill level 5 in Shields
 23303 | Orc:1    | Reached skill level 1 in Charms
 23840 | Orc:2    | Entered Level 2 of the Orcish Mines
 24180 | Orc:2    | Found Homaynem's Gadget Emporium.
 24180 | Orc:2    | Found Tiaty's Gadget Shop.
 24181 | Orc:2    | Found Misewer's Food Shop.
 24181 | Orc:2    | Found Weychisa's Magic Scroll Shoppe.
 24219 | Orc:2    | Bought a wand of digging (13/24) for 442 gold pieces
 24221 | Orc:2    | Bought a scroll of identify for 24 gold pieces
 24221 | Orc:2    | Bought a scroll of identify for 24 gold pieces
 24287 | Orc:2    | Found a roughly hewn altar of Beogh.
 24498 | Orc:2    | Found a staircase to the Elven Halls.
 24649 | Orc:2    | Found a dark tunnel.
 24658 | Volcano  | Entered a volcano
 24843 | Orc:2    | Upgraded the game from 0.21-a0-364-gbd1fde4 to 0.21-a0-369-g397cdb2
 25042 | D:11     | Reached XP level 16. HP: 134/134 MP: 19/25
 25128 | Snake:1  | Entered Level 1 of the Snake Pit
 26525 | Snake:1  | Found an iron altar of Okawaru.
 26949 | Snake:2  | Found a burning altar of Makhleb.
 27032 | Snake:2  | Reached skill level 5 in Charms
 27164 | Snake:2  | Found a stormy altar of Qazlal.
 28246 | Snake:2  | Reached skill level 18 in Unarmed Combat
 28457 | Snake:2  | Reached skill level 10 in Dodging
 29640 | Snake:3  | HP: 1/136 [naga sharpshooter/bolt (12)]
 29642 | Snake:3  | Shot with a bolt by a naga sharpshooter

Vault maps used:
D:1:      dpeg_arrival_line_fractal, st_stairs_6, palyth_stone_intersect,
          corexii_item_surrounded_by_moat
D:2:      minmay_overflow_temple_star_hex, serial_bayou_pond_e, elyvilon_altar_4
D:3:      nicolae_overflow_crystal_walls, first_bread
D:4:      kennysheep_goblin_castle, minmay_temple_entry_trees
D:6:      serial_shops, shop, xom_teletrap_fun, uniq_pikel
D:9:      led_sif_book, uniq_erica
D:10:     orc_0_dummy, special_room, hangedman_ranch,
          onia_ninara_dug_in_and_dangerous
D:11:     grunt_lair_entry_orc_guard_hut
D:12:     lightli_minifort
D:13:     erik_vaults_2, serial_shops, kennysheep_little_box
D:14:     uniq_sonja
D:15:     gammafunk_enter_depths_forms, minmay_crystal_room,
          hangedman_decor_riveting
Lair:1:   infiniplex_staircase_pool, minmay_lair_oklob_chamber
Lair:2:   dummy_snake_entry, serial_bayou_lagoon_a, uniq_gastronok
Lair:3:   serial_bayou_pond_d, infiniplex_staircase_pool_2, uniq_nergalle
Lair:4:   elwin_shoals_entry_stream, serial_forest, infiniplex_forest_corner_2,
          infiniplex_forest_lined_room_3, infiniplex_forest_end_3,
          infiniplex_forest_clump_long, beast_lair_carwin_2
Lair:5:   grunt_megastairs_4
Lair:6:   due_jungle_book, minmay_slime_entry_oklob_open
Snake:1:  basic_altar
Snake:2:  hangedman_feature_mirror, serial_bayou_shore_b
Snake:3:  nicolae_snake_nest
Orc:1:    uniq_josephine
Orc:2:    st_orc_ogre_mass, enter_volcano_3, mines1_david
Volcano:  volcano_caves

Skill      XL: |  1  2  3  4  5  6  7  8  9 10 11 12 13 14 15 16 |
---------------+-------------------------------------------------+-----
Transmutations | 3 4 5 6 7 9 10 | 10.0
Unarmed Combat | 4 5 7 8 10 12 13 14 15 16 17 18 | 18.2
Fighting       | 3 4 6 8 10 | 10.6
Evocations     | 1 4 |  4.6
Dodging        | 4 6 7 9 10 | 10.4
Spellcasting   | 6 |  6.0
Air Magic      | 2 7 8 |  8.0
Hexes          | 2 6 7 |  7.3
Shields        | 8 |  8.7
Charms         | 3 7 |  7.0

Action                   |  1- 3 |  4- 6 |  7- 9 | 10-12 | 13-15 | 16-18 || total
-------------------------+-------+-------+-------+-------+-------+-------++-------
Melee: Unarmed           |   143 |   186 |   260 |   544 |  1225 |   529 ||  2887
       Tailslap          |    16 |    21 |    37 |    76 |   212 |    76 ||   438
       Punch             |     1 |     3 |    10 |    29 |    86 |    13 ||   142
       Headbutt          |    14 |    20 |    23 |    42 |   100 |    71 ||   270
       Falchion          |       |       |       |    22 |     8 |       ||    30
 Cast: Beastly Appendage |    18 |    19 |    29 |    35 |    50 |    41 ||   192
       Sticks to Snakes  |     3 |     7 |       |       |       |       ||    10
       Blade Hands       |       |     1 |    11 |    32 |    58 |    16 ||   118
Invok: Curse Item        |     2 |     2 |       |     2 |     1 |       ||     7
       Scrying           |       |       |       |       |     1 |       ||     1
 Abil: Breathe Frost     |       |       |     3 |     8 |    10 |     2 ||    23
       End Transformatio |       |       |       |     1 |     2 |       ||     3
Evoke: Wand              |       |       |     3 |    10 |    22 |       ||    35
  Use: Scroll            |     4 |     1 |     5 |    11 |    16 |     4 ||    41
       Potion            |       |     1 |       |     2 |     1 |     2 ||     6
 Stab: Distracted        |       |     2 |       |       |       |       ||     2
       Sleeping          |       |     1 |       |       |       |     1 ||     2
       Paralysed         |       |       |       |     2 |       |       ||     2
       Petrified         |       |       |       |       |     3 |       ||     3
  Eat: Chunk             |     4 |     8 |    18 |    26 |    46 |     7 ||   109
       Royal jelly       |       |       |       |     5 |     5 |     2 ||    12
       Bread ration      |       |       |       |       |       |     2 ||     2
Armor: Skin              |    44 |    80 |   106 |   149 |   220 |    71 ||   670
Dodge: Dodged            |    91 |   100 |   145 |   341 |   951 |   335 ||  1963
Block: Buckler           |       |       |       |       |    69 |    86 ||   155
       Rpst.: Falchion   |       |       |       |     2 |     3 |       ||     5

Table legend:
 A = Spawn XP
 B = Non-spawn XP
 C = Spawn XP percentage of total XP
 D = Spawn monster count
 E = Non-spawn monster count
 F = Spawn count percentage of total count
 G = Total turns spent on level
                    A         B        C        D         E        F      G
               +---------+---------+-------+---------+---------+-------+---------
         Total |       0 |  209681 |   0.0 |       0 |     755 |   0.0 | 29642
               +---------+---------+-------+---------+---------+-------+---------
           D:1 |       0 |      30 |   0.0 |       0 |      17 |   0.0 |  1108
           D:2 |       0 |      30 |   0.0 |       0 |      15 |   0.0 |   760
           D:3 |       0 |      94 |   0.0 |       0 |      17 |   0.0 |  1129
           D:4 |       0 |     123 |   0.0 |       0 |      18 |   0.0 |   812
           D:5 |       0 |     662 |   0.0 |       0 |      13 |   0.0 |  1378
           D:6 |       0 |    1044 |   0.0 |       0 |      13 |   0.0 |   857
           D:7 |       0 |     557 |   0.0 |       0 |      13 |   0.0 |   507
           D:8 |       0 |    1213 |   0.0 |       0 |      26 |   0.0 |   846
           D:9 |       0 |    3026 |   0.0 |       0 |      26 |   0.0 |   924
          D:10 |       0 |    9021 |   0.0 |       0 |      73 |   0.0 |  1458
          D:11 |       0 |    3435 |   0.0 |       0 |      28 |   0.0 |  1024
          D:12 |       0 |    5375 |   0.0 |       0 |      24 |   0.0 |  1432
          D:13 |       0 |   18577 |   0.0 |       0 |      43 |   0.0 |  1619
          D:14 |       0 |   10088 |   0.0 |       0 |      36 |   0.0 |  1520
          D:15 |       0 |   16251 |   0.0 |       0 |      44 |   0.0 |  1150
        Lair:1 |       0 |    7075 |   0.0 |       0 |      25 |   0.0 |   870
        Lair:2 |       0 |    6652 |   0.0 |       0 |      16 |   0.0 |   927
        Lair:3 |       0 |    5112 |   0.0 |       0 |      20 |   0.0 |  1204
        Lair:4 |       0 |    8938 |   0.0 |       0 |      26 |   0.0 |  1206
        Lair:5 |       0 |   10309 |   0.0 |       0 |      33 |   0.0 |  1186
        Lair:6 |       0 |   17773 |   0.0 |       0 |      36 |   0.0 |  1413
       Snake:1 |       0 |   16640 |   0.0 |       0 |      29 |   0.0 |  1760
       Snake:2 |       0 |   26120 |   0.0 |       0 |      44 |   0.0 |  2105
       Snake:3 |       0 |   13478 |   0.0 |       0 |      24 |   0.0 |   649
         Orc:1 |       0 |    5013 |   0.0 |       0 |      34 |   0.0 |   772
         Orc:2 |       0 |   19630 |   0.0 |       0 |      51 |   0.0 |   880
       Volcano |       0 |    3415 |   0.0 |       0 |      11 |   0.0 |   146
               +---------+---------+-------+---------+---------+-------+---------
